FIQ, neutral male gnomish Wizard --- ---- ------- |.| |.. .....|---- ---- |.| |.. ....|$/?| |..--- |.| +..- ...|I*?| |....---- |.| |..| -..|...| ---.....--|.-----..| |..--|---+- |.......|........| +.............- --...............|---- |......--+- | |........----...|(((|+------..{...| ---.---....| +...|(((|.............| |...| --...| |...|...|-+-.....---|------------- -- ---- |...| |...----...--|-| |..-|-|..................| -----..| --.-----.....|........| |..|..|----....--------- | --.--...| -----.......|..#.....----..|..|%%.-....|......| |......--------.........|-....{........|..|%%.|....-...._(| --......................--..|....#.....--------....|......| |..--------................|-............G........|------- ---- |........|.|..----|...----u...u....------ ---<--.-------- |....||.......--.| ------ --..--|..|..------ ---- ------- FIQ the Conjurer Experience level: 5 Strength: 12 Dexterity: 10 Constitution: 10 Intelligence: 17 Wisdom: 19 Charisma: 7 Health: 0(39) Energy: 46(56) Def: 1 Gold: 118 Moves: 2313 Dungeon seed: xuEVZi6QY694PTTg Game ID: FIQ_1465066363 Your Inventory: Coins $ - 118 gold pieces Weapons a - a blessed +1 quarterstaff (weapon in hands) f - an uncursed +2 aklys (alternate weapon; not wielded) Armor e - an uncursed +0 cloak of magic resistance (being worn) Comestibles h - an uncursed lichen corpse v - an uncursed tripe ration Spellbooks C - an uncursed spellbook of create monster Rings t - a cursed ring of see invisible Wands u - an uncursed wand of enlightenment (0:14) Tools b - an uncursed sack k - an uncursed skeleton key l - an uncursed brass lantern (0:1366) B - an uncursed magic marker (0:79) Contents of the sack: an uncursed scroll of punishment an uncursed spellbook of blank paper an uncursed spellbook of blank paper a blessed spellbook of force bolt an uncursed spellbook of healing an uncursed spellbook of magic missile an uncursed spellbook of protection a blessed potion of gain energy 2 uncursed potions of gain energy Spells and supernatural/magical abilities: Name Level Category Fail Memory a - force bolt 1 attack 0% 89% h - healing 1 healing 0% 89% m - magic missile 2 attack 0% 100% p - protection 1 clerical 0% 91% O - create monster 2 clerical 61% 100% W - pray for help -- divine ? -- Your skills at the end: Miscellaneous Skills wands [Basic] Weapon Skills quarterstaff [Basic] crossbow [Basic] Spellcasting Skills attack spells [Basic] enchantment spells [Basic] Final Attributes: You were devoutly aligned. You were magic-protected. You had infravision. You are dead. Vanquished creatures: 4 Uruk-hai a shrieker a dwarf an iguana 4 hill orcs a rothe a giant bat an orc zombie 2 acid blobs 2 large kobolds 3 geckos a hobgoblin 5 giant rats 2 cave spiders a brown mold 4 gnomes a jackal 2 foxes 3 newts a goblin a sewer rat 11 grid bugs 2 bats 5 lichens a kobold zombie 61 creatures vanquished. Voluntary challenges: You did not adorn yourself with jewelry or accessories. You used a wielded weapon 51 times, starting on turn 190. You did not apply a unicorn horn. You read items or engraved 10 times, starting on turn 402. You never genocided any monsters. You never polymorphed an object. You never changed form. You used no wishes. You never split a pudding. You wrote Elbereth's name 1 time, starting on turn 695. You never violated your personal moral code. Dungeon overview: The Dungeons of Doom: levels 1 to 3 Level 1 a fountain a long staircase Level 2 a general store, a fountain Level 3 a fountain stairs to The Gnomish Mines The Gnomish Mines: levels 4 to 7 Level 4 stairs to The Dungeons of Doom Level 5 Level 6 Level 7 <- You were here some shops, a temple to Ptah, a magic chest, some fountains, some trees History has recorded: On T:1 you entered the Dungeons of Doom to retrieve the Amulet of Yendor! On T:307 you reached level 2 of The Dungeons of Doom. On T:824 you advanced to experience level 2. On T:860 you reached level 3 of The Dungeons of Doom. On T:1223 you advanced to experience level 3. On T:1410 you reached level 1 of The Gnomish Mines. On T:1427 you reached level 2 of The Gnomish Mines. On T:1501 you advanced to experience level 4. On T:1596 you reached level 3 of The Gnomish Mines. On T:1799 you advanced to experience level 5. On T:2011 you reached level 4 of The Gnomish Mines. On T:2168 you entered the Minetown temple On T:2175 you opened a magic chest. On T:2190 you opened a magic chest. Score breakdown: Gold: 118 ( 11 points) Experience: 5 levels ( 400 points) Exploration: 7 levels ( 180 points) Discoveries: 9 items ( 450 points) Variety of kills: 25 monsters ( 1250 points) Major goal: reached Minetown ( 500 points) Survival: died (score multiplied by 3) Total score: 8373 Latest messages: You continue your efforts to memorize the spell. You add the "create monster" spell to your repertoire. Pick an object. Never mind. You see here an oak wand (225 zorkmids). You see here a yellow gem (2250 zorkmids). You think there's a mimic there. a yellow gem, price 2250 zorkmids. You stop exploring. The white unicorn butts! The white unicorn kicks! The white unicorn butts! The white unicorn kicks! Pick an object. Never mind. The magic missile hits the white unicorn. The magic missile bounces! The magic missile hits the white unicorn! The white unicorn butts! The white unicorn kicks! The white unicorn butts! The white unicorn kicks! You die... Final status: Goodbye FIQ the Wizard, killed by a white unicorn... You died in The Gnomish Mines on dungeon level 7 with 8373 points, and 118 pieces of gold, after 2313 moves. You were level 5 with a maximum of 39 hit points when you died.